Cogmind - Beta 14 @@@ ROGUE MODE // 2025.05.03 @ 20:57:24 Player: Domo Result: Destroyed by Y-54 Guardian with Flak Gun Performance ------------- Evolutions (3) 1500 Regions Visited (6) 1200 Robots Destroyed (50) 250 Value Destroyed (1702) 1702 Prototype IDs (0) 0 Alien Tech Used (0) 0 Bonus (48) 48 TOTAL SCORE: 4700 Bonus ------- High Alert Combat Kills 13 Follower Combat Kills 35 Cogmind --------- Core Integrity 0/700 Matter 300/300 Energy 100/100 System Corruption 8% Temperature Cool (18) Movement Core (50) Location -7/Factory Parts ------- > --- POWER (2) -------- (None) > --- PROPULSION (5) --- (None) > --- UTILITY (4) ------ Advanced Weight Redist. System > --- WEAPON (2) ------- (None) > --- INVENTORY (5) ---- Improved Heat Sink Advanced Targeting Computer Improved Light Armor Plating Peak State ------------ > --- POWER ------------ Deuterium Engine Deuterium Engine > --- PROPULSION ------- Cesium-ion Thruster Cesium-ion Thruster Cesium-ion Thruster Cesium-ion Thruster Cesium-ion Thruster > --- UTILITY ---------- Improved Heat Sink Small Storage Unit Improved Terrain Scanner Improved Light Armor Plating > --- WEAPON ----------- EM Pulse Cannon Assault Cannon > --- INVENTORY -------- Deuterium Engine Deuterium Engine EM Pulse Cannon Assault Cannon Mini Grenade Launcher [Rating: 38] Favorites ----------- Power Deuterium Engine Engine Deuterium Engine Power Core Light Nuclear Core Propulsion Aluminum Leg Leg Aluminum Leg Wheel Compact Wheel Hover Unit Gravmag System Flight Unit Cesium-ion Thruster Utility Improved Heat Sink Device Improved Heat Sink Storage Small Storage Unit Protection Improved Light Armor Plating Weapon EM Pulse Cannon Energy Cannon EM Pulse Cannon Ballistic Gun Assault Rifle Ballistic Cannon Assault Cannon Launcher Mini Grenade Launcher Special Weapon Remote Datajack Slashing Weapon Ripper Build | -11 -10 -10 -10 -9 -8 -7 ------- Run | Yrd Mat Min Exi Min Mat Fac Slots Evolved 6 | . . . . . 4 2 Power 1 | . . . . . 1 . Propulsion 3 | . . . . . 1 2 Utility 2 | . . . . . 2 . Weapon . | . . . . . . . Parts Attached 80 | 6 . 1 . . 37 36 Power 19 | 1 . . . . 11 7 Engine 14 | 1 . . . . 9 4 Core 5 | . . . . . 2 3 Reactor . | . . . . . . . Propulsion 33 | 2 . . . . 12 19 Treads . | . . . . . . . Leg 18 | 2 . . . . 11 5 Wheel 4 | . . . . . . 4 Hover 2 | . . . . . . 2 Flight 9 | . . . . . 1 8 Utility 11 | 1 . . . . 4 6 Device 8 | . . . . . 3 5 Storage 1 | 1 . . . . . . Processor . | . . . . . . . Hackware . | . . . . . . . Protection 2 | . . . . . 1 1 Artifact . | . . . . . . . Weapon 17 | 2 . 1 . . 10 4 Energy Gun . | . . . . . . . Energy Cannon 6 | . . . . . 6 . Ballistic Gun 3 | 2 . . . . . 1 Ballistic Cannon 2 | . . . . . 1 1 Launcher 4 | . . . . . 3 1 Special Weapon 1 | . . . . . . 1 Impact Weapon . | . . . . . . . Slashing Weapon 1 | . . 1 . . . . Piercing Weapon . | . . . . . . . Special Melee Weapon . | . . . . . . . Unidentified Prototypes . | . . . . . . . Parts Lost 33 | . . . . . 7 26 Power 10 | . . . . . 2 8 Propulsion 9 | . . . . . 2 7 Utility 10 | . . . . . 1 9 Weapon 4 | . . . . . 2 2 Highest Loss Streak 14 | . . . . . 3 14 To Critical Strikes . | . . . . . . . Average Slot Usage (%) 78 | . 85 85 85 85 93 56 Engine 12 | . 14 14 14 14 16 6 Core 2 | . . . . . 1 3 Leg 16 | . 28 28 28 28 23 4 Flight 4 | . . . . . . 11 Device 15 | . . . . . 21 11 Storage 7 | . 14 14 14 14 9 4 Protection 3 | . . . . . 4 2 Energy Cannon 6 | . . . . . 12 1 Ballistic Gun 1 | . 28 17 14 14 . . Ballistic Cannon 3 | . . . . . 3 5 Launcher 1 | . . . . . 1 1 Peak Build Rating 38 | 6 6 9 9 9 33 38 Average Rating 21 | 4 6 8 9 9 24 21 On Entrance 10 | . 6 6 9 9 9 33 Naked Turns . | . . . . . . . Heaviest Build 40 | 13 13 15 15 15 40 39 Greatest Support 57 | 20 20 20 20 20 47 57 Greatest Overweight (x) 7 | . . . . . 1 7 Average Overweight (x) . | . . . . . . . Largest Inventory Capacity 8 | 8 8 8 8 8 8 8 Average Capacity 7 | 6 8 8 8 8 8 6 Most Carried 8 | 1 1 3 4 4 8 8 Average Carried 5 | . 1 2 3 4 7 4 Final Capacity 8 | 8 8 8 8 8 8 5 Final Carried 8 | 1 1 3 4 4 8 3 Class Distribution -------------------- 57% | Mutant 40% | Scavenger-Mutant Dominant Class ---------------- Mutant | -10/Materials Mutant | -10/Mines Mutant | -10/Exiles Mutant | -9/Mines Scavenger-Mutant | -8/Materials Mutant | -7/Factory Resources | -11 -10 -10 -10 -9 -8 -7 ----------- Run | Yrd Mat Min Exi Min Mat Fac Matter Collected 1442 | 238 . 32 . . 585 587 Remotely . | . . . . . . . Salvage Created 1713 | . . 36 . . 1297 380 Parts 103 | . . 4 . . 88 11 Haulers Intercepted . | . . . . . . . Recyclers Shooed 1 | . . . . . 1 . Parts Field Recycled . | . . . . . . . Retrieved Matter . | . . . . . . . Parts Self-Destructed . | . . . . . . . Prevented . | . . . . . . . Kills | -11 -10 -10 -10 -9 -8 -7 ------- Run | Yrd Mat Min Exi Min Mat Fac Combat Hostiles Destroyed 43 | . . 2 . . 32 9 Melee 2 | . . 2 . . . . Guns 3 | . . . . . 2 1 Cannons 26 | . . . . . 23 3 AOE 9 | . . . . . 5 4 Classes Destroyed 7 | . . 1 . . 4 2 Builder 1 | . . . . . 1 . Recycler 2 | . . . . . . 2 Watcher 4 | . . . . . 4 . Swarmer 14 | . . 2 . . 12 . Grunt 20 | . . . . . 13 7 Sentry 8 | . . . . . 7 1 Programmer 1 | . . . . . . 1 Best Kill Streak 4 | . . 1 . . 4 4 Combat Bots Only 4 | . . 1 . . 4 3 Max Kills in Single Turn 2 | . . 1 . . 2 2 Gunslinging . | . . . . . . . Exploded 2 | . . . . . 2 2 Melee 1 | . . 1 . . . . Uniques/NPCs Destroyed . | . . . . . . . Combat | -11 -10 -10 -10 -9 -8 -7 -------- Run | Yrd Mat Min Exi Min Mat Fac Hostile Shots Fired 461 | . . 37 . . 170 254 Missed 150 | . . 10 . . 56 84 Damage Taken 4170 | . . 234 . . 1720 2216 Core 990 | . . 72 . . 216 702 Absorbed by Shields 183 | . . . . . . 183 Regen/Repaired (Parts) 82 | . . . . . 82 . Core Remaining (%) 77 | 100 . . . 71 60 . Volleys Fired 110 | . . . . . 79 31 Largest 2 | . . . . . 2 2 Hottest 138 | . . . . . 138 107 Shots Fired 186 | . . . . . 127 59 Gun 17 | . . . . . 14 3 Cannon 151 | . . . . . 107 44 Launcher 18 | . . . . . 6 12 Special . | . . . . . . . Kinetic 80 | . . . . . 40 40 Thermal 23 | . . . . . 23 . Explosive 18 | . . . . . 6 12 Electromagnetic 65 | . . . . . 58 7 Robot Hit Streak 11 | . . . . . 11 6 Robot Miss Streak 3 | . . . . . 3 3 Penetration Max . | . . . . . . . Secondary Targets . | . . . . . . . Shots Hit Robots 133 | . . 5 . . 85 43 Core Hits 81 | . . 2 . . 51 28 Critical Kills . | . . . . . . . Critical Parts Destroyed . | . . . . . . . Critical Strikes 6 | . . 1 . . 4 1 Blast 5 | . . . . . 4 1 Sever 1 | . . 1 . . . . Melee Attacks 11 | . . 11 . . . . Impact . | . . . . . . . Slashing 11 | . . 11 . . . . Piercing . | . . . . . . . Sneak Attacks . | . . . . . . . Combat Hostiles . | . . . . . . . Follow-up Attacks . | . . . . . . . Damage Inflicted 4158 | . . 190 . . 2576 1392 Guns 219 | . . . . . 148 71 Cannons 2817 | . . . . . 2005 812 Explosions 905 | . . . . . 411 494 Melee 190 | . . 190 . . . . Ramming 27 | . . . . . 12 15 Kinetic 1309 | . . . . . 583 726 Thermal 764 | . . . . . 686 78 Explosive 616 | . . . . . 200 416 Electromagnetic 1252 | . . . . . 1095 157 Impact . | . . . . . . . Slashing 190 | . . 190 . . . . Piercing . | . . . . . . . Highest Corruption 8 | . . . . . 2 8 Average Corruption 5 | . . . . . 2 7 Corruption Purged . | . . . . . . . Corruption Blocked . | . . . . . . . Effects 29 | . . . . . 7 22 Message Errors 7 | . . . . . 1 6 Matter Fused 8 | . . . . . 3 5 Heat Flow Errors 4 | . . . . . . 4 Energy Discharges 4 | . . . . . 2 2 Data Loss (minor) 5 | . . . . . 1 4 Data Loss (major) 1 | . . . . . . 1 Overload Shots . | . . . . . . . Overflow Damage 73 | . . 4 . . 66 3 Projectiles 61 | . . . . . 58 3 Explosions 8 | . . . . . 8 . Melee 4 | . . 4 . . . . Knockbacks 15 | . . . . . 7 8 Impact . | . . . . . . . Kinetic 12 | . . . . . 7 5 Secondary 3 | . . . . . . 3 Self-Inflicted Damage 190 | . . . . . 94 96 Shots 5 | . . . . . 2 3 Rammed 5 | . . . . . . 5 Targets Rammed 9 | . . . . . 4 5 Kicked 4 | . . . . . 4 . Crushed . | . . . . . . . Highest Temperature 272 | . . . . . 37 272 Average Temperature 61 | . . . . . 10 77 Received Heat Transfer 1841 | . . . . . 855 986 Siege Activations . | . . . . . . . Robots Corrupted 3 | . . . . . 2 1 Combat Hostiles 3 | . . . . . 2 1 Parts Fried 7 | . . . . . 7 . Impact Corruptions . | . . . . . . . Robots Melted . | . . . . . . . Combat Hostiles . | . . . . . . . Parts Melted . | . . . . . . . Heat Transferred 953 | . . . . . 903 50 Parts Sabotaged . | . . . . . . . Parts Stolen . | . . . . . . . Parts Stripped . | . . . . . . . Power Chain Reactions 2 | . . . . . 2 . Alert | -11 -10 -10 -10 -9 -8 -7 ------- Run | Yrd Mat Min Exi Min Mat Fac Peak Influence 490 | . 30 91 . . 490 373 Initial 222 | . . 11 . . . 222 Average 190 | . 13 34 . . 205 211 Maximum Alert Level 2 | . . . . . 2 1 Low Security (%) 57 | 100 100 100 . 100 60 43 Level 1 38 | . . . . . 32 56 Level 2 3 | . . . . . 7 . Level 3 . | . . . . . . . Level 4 . | . . . . . . . Level 5 . | . . . . . . . High Security . | . . . . . . . Max Security . | . . . . . . . Squads Dispatched 10 | . 1 . . . 4 5 Investigation 6 | . . . . . 3 3 Extermination 1 | . . . . . . 1 Reinforcement 3 | . 1 . . . 1 1 Assault . | . . . . . . . Garrison . | . . . . . . . Intercept . | . . . . . . . Searches Triggered . | . . . . . . . Construction Impeded . | . . . . . . . Haulers Reinforced . | . . . . . . . Active Scanning Responses . | . . . . . . . Cargo Convoy Interrupts 1 | . . . . . . 1 Stealth | -11 -10 -10 -10 -9 -8 -7 --------- Run | Yrd Mat Min Exi Min Mat Fac Distress Signals 4 | . . . . . 3 1 Communications Jammed . | . . . . . . . Distress Signals . | . . . . . . . Times Spotted 80 | . 2 3 . . 51 24 Peak Tracking Total 6 | . 1 3 . . 6 5 Tactical Retreats 7 | . . 2 . . 1 4 Traps | -11 -10 -10 -10 -9 -8 -7 ------- Run | Yrd Mat Min Exi Min Mat Fac Traps Triggered 3 | . . . . . 2 1 Indirectly . | . . . . . . . Trap Hack Attempts . | . . . . . . . Triggered . | . . . . . . . Disarmed . | . . . . . . . Reprogrammed . | . . . . . . . Reused . | . . . . . . . Traps Extracted . | . . . . . . . Installed . | . . . . . . . Triggered 1 | . . . . . . 1 Machines | -11 -10 -10 -10 -9 -8 -7 ---------- Run | Yrd Mat Min Exi Min Mat Fac Machines Disabled 7 | . . . . . 1 6 Max in Single Turn 6 | . . . . . 1 6 Machines Repaired . | . . . . . . . Machines Dismantled . | . . . . . . . Machines Sabotaged . | . . . . . . . Overloaded Fab Kills . | . . . . . . . Hacking | -11 -10 -10 -10 -9 -8 -7 --------- Run | Yrd Mat Min Exi Min Mat Fac Machines Accessed 11 | . . . . . 8 3 Terminals 5 | . . . . . 5 . Fabricators 2 | . . . . . . 2 Repair Stations 2 | . . . . . 1 1 Recycling Units . | . . . . . . . Scanalyzers 2 | . . . . . 2 . Garrison Access . | . . . . . . . Total Hacks 28 | . . . . . 22 6 Successful 16 | . . . . . 12 4 Failed 12 | . . . . . 10 2 Catastrophic 3 | . . . . . 2 1 Database Lockouts . | . . . . . . . Manual 3 | . . . . . 3 . Terminals 11 | . . . . . 11 . Fabricators 4 | . . . . . . 4 Repair Stations 5 | . . . . . 3 2 Recycling Units . | . . . . . . . Scanalyzers 8 | . . . . . 8 . Garrison Access . | . . . . . . . Terminal Hacks 3 | . . . . . 3 . Record 1 | . . . . . 1 . Scanalyzer Index 1 | . . . . . 1 . Locate Traps 1 | . . . . . 1 . Fabricator Hacks 4 | . . . . . . 4 Load Schematic 2 | . . . . . . 2 Build 2 | . . . . . . 2 Repair Station Hacks 2 | . . . . . 2 . Scan Component 1 | . . . . . 1 . Repair 1 | . . . . . 1 . Recycling Unit Hacks . | . . . . . . . Scanalyzer 7 | . . . . . 7 . Insert Component 4 | . . . . . 4 . Analyze 3 | . . . . . 3 . Garrison Access Hacks . | . . . . . . . Unauthorized Hacks . | . . . . . . . Terminals . | . . . . . . . Fabricators . | . . . . . . . Repair Stations . | . . . . . . . Recycling Units . | . . . . . . . Scanalyzers . | . . . . . . . Garrison Access . | . . . . . . . Data Cores Recovered . | . . . . . . . Used . | . . . . . . . Hacking Detections 11 | . . . . . 8 3 Full Trace Events 7 | . . . . . 4 3 Feedback Events . | . . . . . . . Feedback Blocked . | . . . . . . . Robot Schematics Acquired . | . . . . . . . Robots Built . | . . . . . . . Authchips . | . . . . . . . Time . | . . . . . . . Total Robot Build Rating . | . . . . . . . Part Schematics Acquired 1 | . . . . . 1 . Parts Built 4 | . . . . . . 4 Authchips . | . . . . . . . Time 109 | . . . . . . 109 Total Part Build Rating 12 | . . . . . . 12 Parts Repaired 1 | . . . . . 1 . Time 26 | . . . . . 26 . Parts Recycled . | . . . . . . . Recycled Matter . | . . . . . . . Retrieved Matter . | . . . . . . . Retrieved Components . | . . . . . . . Parts Scanalyzed 2 | . . . . . 2 . Part Schematics Acquired 1 | . . . . . 1 . Parts Damaged . | . . . . . . . Bothacking | -11 -10 -10 -10 -9 -8 -7 ------------ Run | Yrd Mat Min Exi Min Mat Fac Used RIF Installer . | . . . . . . . Robots Hacked . | . . . . . . . Non-combat . | . . . . . . . Combat . | . . . . . . . Robot Hacks Applied . | . . . . . . . Relay Couplers Released 2 | . . . . . . 2 Machine Destruction 2 | . . . . . . 2 Fabnet Peak Effective % . | . . . . . . . Robots Rewired . | . . . . . . . Allies Hacked . | . . . . . . . Hacks Repelled . | . . . . . . . Allies | -11 -10 -10 -10 -9 -8 -7 -------- Run | Yrd Mat Min Exi Min Mat Fac Total Allies 3 | . . . . 3 . . Largest Group 3 | . . . . 3 3 . Highest-Rated Group 40 | . . . . 40 40 . Highest-Rated Ally 16 | . . . . 16 16 . Total Orders . | . . . . . . . Ally Attacks 10 | . . . . . 10 . Total Damage 117 | . . . . . 117 . Kills 1 | . . . . . 1 . Allies Corrupted . | . . . . . . . Allies Melted . | . . . . . . . Intel | -11 -10 -10 -10 -9 -8 -7 ------- Run | Yrd Mat Min Exi Min Mat Fac Robot Analysis Total . | . . . . . . . Derelict Logs Recovered 1 | . . . . 1 . . Drone Launches . | . . . . . . . Drone Recoveries . | . . . . . . . Exploration | -11 -10 -10 -10 -9 -8 -7 ------------- Run | Yrd Mat Min Exi Min Mat Fac Turns Passed 3838 | 82 69 145 60 46 1940 1496 Spaces Moved 2465 | 59 52 96 50 39 1015 1154 Core 633 | 3 . . . . . 630 Treads . | . . . . . . . Legs 1367 | 56 52 96 50 39 1015 59 Wheels 3 | . . . . . . 3 Hover 11 | . . . . . . 11 Flight 451 | . . . . . . 451 Fastest Speed 50 | 50 120 120 120 120 120 50 Average Speed 125 | 116 120 120 120 120 149 106 Slowest Speed 595 | 120 120 120 120 120 195 595 Overloaded Moves . | . . . . . . . Propulsion Burnouts . | . . . . . . . Robots Hopped . | . . . . . . . Cave-ins Triggered . | . . . . . . . Exploration Rate (%) 21 | 5 14 20 9 16 66 18 Regions Visited 6 Branch Regions 3 Pre-discovered Areas 1 | . . . . 1 . . Known Exits Taken . | . . . . . . . Unknown Exits Taken 6 | 1 1 1 1 1 1 . Scrap Searched 2 | . . 2 . . . . Spaces Dug . | . . . . . . . Terrain Destroyed 164 | . . . . . 78 86 Melee . | . . . . . . . Projectile 8 | . . . . . 8 . AOE 156 | . . . . . 70 86 Terrain Rammed . | . . . . . . . Walls Destroyed . | . . . . . . . Machines Disabled . | . . . . . . . Actions | -11 -10 -10 -10 -9 -8 -7 --------- Run | Yrd Mat Min Exi Min Mat Fac Total 2988 | 69 58 109 50 38 1306 1358 Wait 252 | 4 7 . . . 143 98 Move 2459 | 58 51 95 49 38 1014 1154 Hop . | . . . . . . . Pick Up 21 | 1 . 2 1 . 10 7 Fast Attach 40 | 6 . . . . 12 22 Attach 18 | . . . . . 6 12 Detach 12 | . . . . . 3 9 Swap 22 | . . 1 . . 19 2 Drop 34 | . . . . . 16 18 Fire 110 | . . . . . 79 31 Melee 11 | . . 11 . . . . Ram 5 | . . . . . . 5 Kick 4 | . . . . . 4 . Crush . | . . . . . . . Escape Stasis . | . . . . . . . Rewire . | . . . . . . . Trap . | . . . . . . . Miscellaneous . | . . . . . . . Route ------- -11/Scrapyard -10/Materials -10/Mines -10/Exiles -9/Mines -8/Materials (discovered 3 exits: *Fac / [*Sto x2]) -7/Factory History --------- Turn | Location | Event 8 | -11/Scrapyard | Discovered new exit (range 15) 83 | -11/Scrapyard | Entered Materials 114 | -10/Materials | Discovered new exit (range 16) 152 | -10/Materials | Entered Mines 181 | -10/Mines | A weapon hastily lodged in a ceiling crevice suddenly fell to the ground 289 | -10/Mines | Deemed a non-threat by the Exiles lab entrance 290 | -10/Mines | Discovered new exit (range 5) 297 | -10/Mines | Entered Exiles 318 | -10/Exiles | Build established: Mutant 333 | -10/Exiles | Discovered new exit (range 15) 357 | -10/Exiles | Entered Mines 368 | -9/Mines | Learned location of Zion (-6) 375 | -9/Mines | Discovered new exit (range 10) 393 | -9/Mines | Assisted by bots powering up and referring to "LRC-V3" 403 | -9/Mines | Entered Materials 403 | -8/Materials | Accompanied by 3 allies 403 | -8/Materials | Evolved 4 slots: Power x1, Propulsion x1, Utility x2 456 | -8/Materials | Lost 3 allies 765 | -8/Materials | Build established: Scavenger-Mutant 1275 | -8/Materials | Repaired Aluminum Leg 1432 | -8/Materials | Lost 3 parts (1p1u1w) 1630 | -8/Materials | Discovered new exit (range 14) 2264 | -8/Materials | Discovered new exit (range 16) 2294 | -8/Materials | Discovered new exit (range 15) 2341 | -8/Materials | Build established: Mutant 2343 | -8/Materials | Entered Factory 2343 | -7/Factory | Evolved 2 slots: Propulsion x2 2428 | -7/Factory | Fabricated Cesium-ion Thruster? 2555 | -7/Factory | Fabricated Cesium-ion Thruster (x2) 2646 | -7/Factory | Lost 3 parts (1n2u) 3263 | -7/Factory | Core integrity fell below 50% 3288 | -7/Factory | Cargo convoy interrupted 3310 | -7/Factory | Lost 14 parts (6p2n4u2w) 3346 | -7/Factory | Core integrity fell below 20% 3373 | -7/Factory | Lost 3 parts (1n2u) 3839 | -7/Factory | Destroyed by Y-54 Guardian with Flak Gun Last Messages --------------- System corrupted: Energy discharge (-44). R-06 Scavenger collects Targeting Computer. R-06 Scavenger collects Gauss Rifle. R-06 Scavenger collects Corrupted Wheel. R-06 Scavenger collects Imp. Heat Sink. R-06 Scavenger collects Assault Rifle. R-06 Scavenger collects Beamcaster. PV2P51DGFFNFM8PZY:I#WCIJS& AR47FMJUAL9 R-06 Scavenger collects Corrupted Beamcaster. System corrupted: Heat flow error (+169). System corrupted: Matter fused (-7). System corrupted: Heat flow error (+116). Acquired 7 matter. System corrupted: Matter fused (-10). System corrupted: Component data lost. Carbon-fiber Leg destroyed. M-28 Smith repairs G-47 Trooper. EWUDHDSFSO,&=G